 Dungeon Crawl Stone Soup version 0.26-a0-682-g294304f6e8 (webtiles) character file.

Game seed: 16120709875787064562

49 Notrik the Skirmisher (level 3, -3/33 HPs)
             Began as a Barachi Berserker on Oct 21, 2020.
             Was a Believer of Trog.
             Slain by an orc
             ... wielding a +0 flail
              (6 damage)
             ... on level 3 of the Dungeon.
             The game lasted 00:03:48 (2693 turns).

Notrik the Skirmisher (Barachi Berserker)           Turns: 2693, Time: 00:03:48

Health: -3/33      AC:  2    Str: 19    XL:     3   Next: 75%
Magic:  3/3        EV: 12    Int:  7    God:    Trog [**....]
Gold:   229        SH:  0    Dex: 11    Spells: 2/2 levels left

rFire    . . .     SeeInvis .   a - +0 falchion
rCold    . . .     Faith    .   (no shield)
rNeg     . . .     Spirit   .   b - +0 animal skin
rPois    .         Reflect  .   (no helmet)
rElec    .         Harm     .   (no cloak)
rCorr    .         Rampage  .   (no gloves)
MR       .....                  (no boots)
Stlth    +.........             (no amulet)
HPRegen  0.11/turn              (no ring)
MPRegen  0.08/turn              (no ring)

@: slow
A: +LOS, swims, slowness 1, strong legs 1
a: Hop, Berserk, Trog's Hand, Renounce Religion


You were on level 3 of the Dungeon.
You worshipped Trog.
Trog was pleased with you.
You visited 1 branch of the dungeon, and saw 3 of its levels.

You collected 229 gold pieces.

Inventory:

Hand Weapons
 a - a +0 falchion (weapon)
Armour
 b - a +0 animal skin (worn)
Jewellery
 g - an uncursed ring of protection from fire {unknown}
   (You found it on level 1 of the Dungeon)
 i - an uncursed ring of flight {unknown}
   (You found it on level 2 of the Dungeon)
Scrolls
 c - 2 scrolls of magic mapping {unknown}
 e - 2 scrolls of teleportation {unknown}
 h - 3 scrolls of fog {unknown}
 j - a scroll of blinking {unknown}
 k - 2 scrolls of immolation {unknown}
 l - 2 scrolls of remove curse {unknown}
Potions
 d - a potion of curing {unknown}
 f - a potion of cancellation {unknown}
 m - a potion of lignification {unknown}
 n - a potion of stabbing {unknown}


   Skills:
 * Level 5.0 Fighting
 + Level 4.3 Long Blades
 - Level 2.4 Armour
 - Level 2.1 Dodging


You had 2 spell levels left.
You didn't know any spells.
Your spell library was empty.

Dungeon Overview and Level Annotations

Branches:
Dungeon (3/15)

Altars:
Ashenzari


Innate Abilities, Weirdness & Mutations

You can be seen from farther away. (+LOS)
You can swim through water.
You cover ground slowly.
You can hop short distances.


Message History

You hit the orc. The orc barely misses you.
You riposte.
You closely miss the orc.
The orc priest calls upon Beogh to heal the orc.
The orc's wounds heal themselves!
You barely miss the orc. The orc hits you but does no damage.
The bat barely misses you.
You hit the orc but do no damage. The bat closely misses you.
The orc hits you from afar with a +0 trident.
The orc barely misses you.
You riposte.
You hit the orc but do no damage. The bat completely misses you.
You completely miss the orc. The bat closely misses you.
You riposte.
You barely miss the bat. The orc misses you.
You riposte.
You barely miss the orc. The orc closely misses you.
The orc throws a silver boomerang.
The silver boomerang misses you.
The weapon returns to the orc!
The orc closely misses you.
You riposte.
You barely miss the orc. You hit the orc. The orc misses you.
The bat barely misses you.
You riposte.
You barely miss the bat.
The orc throws a silver boomerang.
The silver boomerang barely misses you. The orc hits you but does no damage.
You hit the bat.
You kill the bat!
Trog accepts your kill. The orc barely misses you.
The orc hits you with a +0 dagger. The orc misses you.
The orc completely misses you.
You riposte.
You hit the orc.
There is an open door here.
The orc throws a silver boomerang.
The silver boomerang barely misses you.
You hit the orc.
The orc priest calls upon Beogh to heal the orc.
The orc's wounds heal themselves!
You hit the orc. The orc hits you but does no damage.
The orc priest invokes the aid of Beogh against you.
Beogh smites you!
* * * LOW HITPOINT WARNING * * *
The orc hits you with a +0 flail.
* * * LOW HITPOINT WARNING * * *
The orc closely misses you. x2
There is an open door here.
You hit the orc priest but do no damage.
The orc priest closely misses you. The orc misses you.
The orc barely misses you. The orc hits you with a +0 dagger.
* * * LOW HITPOINT WARNING * * *
You barely miss the orc priest.
The orc priest calls upon Beogh to heal the orc.
The orc is healed somewhat.
The orc hits you from afar with a +0 trident.
* * * LOW HITPOINT WARNING * * *
The orc hits you with a +0 flail.
You die...

#+# # #.. .##
. #.? .. ..
..###.##...
#..........
........#
####
#.......#
#####...
#####ooo....#
#......#
#...#@##+####
#.......
#.....o.(.#
#.......
#.........#
#......#
#.........#
#.......
#.........#
#.......
#...##'#+##
#.......
#...##.#^#
#####'#.
######...#
#######.#.
##..#
#.......#.


You could see an orc priest and 3 orcs.

Vanquished Creatures
  An adder (D:3)
  2 worms (D:2)
  A dart slug (D:2)
  3 bats
  3 goblins
  5 hobgoblins
  6 jackals
  3 kobolds
  A leopard gecko zombie (D:2)
  3 rats
28 creatures vanquished.

Notes
Turn   | Place    | Note
-------+----------+-------------------------------------------
     0 | D:1      | Notrik the Barachi Berserker began the quest for the Orb.
     0 | D:1      | Reached XP level 1. HP: 18/18 MP: 1/1
   476 | D:1      | Reached skill level 4 in Fighting
   477 | D:1      | Reached XP level 2. HP: 23/25 MP: 2/2
  1390 | D:2      | Found a broken altar of Ashenzari.
  1727 | D:2      | Reached XP level 3. HP: 29/31 MP: 3/3
  2268 | D:2      | Reached ** piety under Trog
  2418 | D:3      | Reached skill level 5 in Fighting
  2693 | D:3      | Slain by an orc

Illustrated notes

Levels and vault maps discovered:
D:1:      lightli_arrival_statue_moat, layout_basic
D:2:      layout_basic, nicolae_ashenzari_panopticon
D:3:      layout_basic

Skill      XL: |  1  2  3 |
---------------+----------+-----
Fighting       | 4 5 |  5.0
Long Blades    | 4 |  4.3
Armour         | |  2.4
Dodging        | |  2.1

Action                   || total
-------------------------++-------
Melee: Falchion          ||   105
Armor: Animal skin       ||    16
Dodge: Dodged            ||    99
       Rpst.: Falchion   ||    33

Table legend: (Time is in decaauts)
 A = Elapsed time spent in this place.
 B = Non-inter-level travel time spent in this place.
 C = Inter-level travel time spent in this place.
 D = Time resting spent in this place.
 E = Time spent auto-exploring this place.
 F = Levels seen in this place.
 G = Mean time per level.
                   A        B        C        D        E       F      G
               +--------+--------+--------+--------+--------+-----+--------+
         Total |   3018 |   2828 |    190 |    612 |   1954 |   3 | 1006.0 |
       Dungeon |   3018 |   2828 |    190 |    612 |   1954 |   3 | 1006.0 |
               +--------+--------+--------+--------+--------+-----+--------+

Top non-repeatable levels by time:
     D:2: 1396 daAuts
     D:1: 1324 daAuts
     D:3: 297 daAuts
